 Dungeon Crawl Stone Soup version 0.29-a0-41-g89e12c0570 (webtiles) character file.

Game seed: 10281036747261714550

3024 Grim the Spear-Bearer (level 9, -1/72 HPs)
             Began as a Minotaur Fighter on Feb 2, 2022.
             Was a Priest of Zin.
             Killed from afar by a steam dragon (10 damage)
             ... with a ball of steam
             ... on level 8 of the Dungeon.
             The game lasted 00:10:23 (7127 turns).

Grim the Spear-Bearer (Minotaur Fighter)            Turns: 7127, Time: 00:10:24

Health: -1/72      AC: 13    Str: 21    XL:     9   Next: 55%
Magic:  12/12      EV:  7    Int:  9    God:    Zin [***...]
Gold:   404        SH:  9    Dex: 10    Spells: 8/8 levels left

rFire   . . .      SeeInvis .   B - +4 spear
rCold   . . .      Faith    .   c - +0 buckler
rNeg    . . .      Spirit   .   d - +1 chain mail {Will+}
rPois   .          Reflect  +   (helmet restricted)
rElec   .          Harm     .   w - +0 cloak
rCorr   .          Rampage  .   (no gloves)
Will    +....                   b - +1 pair of boots
Stlth   ..........              o - amulet of reflection
HPRegen 0.22/turn               (no ring)
MPRegen 0.13/turn               (no ring)

@: attractive, hasted, very quick
A: horns 2, retaliatory headbutt
a: Renounce Religion, Recite, Vitalisation, Imprison, Donate Gold


You were on level 8 of the Dungeon.
You worshipped Zin.
Zin was most pleased with you.
You visited 2 branches of the dungeon, and saw 9 of its levels.

You collected 448 gold pieces.
You donated 44 gold pieces to Zin.

Inventory:

Hand Weapons
 B - a +4 spear (weapon)
Missiles
 f - 220 stones
 g - 2 javelins
 n - a boomerang (quivered)
 t - 22 poisoned darts
Armour
 b - a +1 pair of boots (worn)
 c - a +0 buckler (worn)
 d - a +1 chain mail of willpower (worn)
 w - a +0 cloak (worn)
Jewellery
 a - a ring of willpower
 o - an amulet of reflection (around neck)
Wands
 k - a wand of polymorph (16)
 F - a wand of flame (20)
Scrolls
 h - 2 scrolls of immolation {unknown}
 l - 2 scrolls of teleportation {unknown}
 m - a scroll of enchant armour {unknown}
 q - 7 scrolls of identify {unknown}
 r - 2 scrolls of enchant weapon {unknown}
 s - a scroll of magic mapping {unknown}
 y - 3 scrolls of blinking {unknown}
 z - 2 scrolls of fog {unknown}
 C - a scroll of brand weapon {unknown}
 D - a scroll of holy word {unknown}
 E - 2 scrolls of fear {unknown}
Potions
 e - 2 potions of might
 i - 4 potions of attraction
 j - 7 potions of curing
 p - a potion of berserk rage {unknown}
 v - a potion of flight {unknown}
 x - 2 potions of heal wounds {unknown}
 A - 2 potions of brilliance {unknown}


   Skills:
 * Level 4.4 Fighting
 - Level 14.0 Polearms
 - Level 3.6 Armour
 - Level 3.6 Shields
 + Level 5.9 Invocations


You had 8 spell levels left.
You didn't know any spells.
Your spell library contained the following spells:

 Spells                   Type           Power      Damage    Failure   Level
 Freeze                   Ice            0%         1d3       99%         1
 Corpse Rot               Necr/Air       0%         N/A       100%        2
 Poisonous Vapours        Pois/Air       0%         N/A       100%        2
 Frozen Ramparts          Ice            0%         1d2       100%        3
 Hailstorm                Conj/Ice       0%         3d3       100%        4
 Summon Ice Beast         Ice/Summ       0%         N/A       100%        4
 Blade Hands              Tmut           0%         N/A       100%        5
 Irradiate                Conj/Tmut      0%         3d14      100%        5
 Summon Mana Viper        Hex/Summ       0%         N/A       100%        5
 Dragon Form              Tmut           0%         N/A       100%        7
 Monstrous Menagerie      Summ           0%         N/A       100%        7


Dungeon Overview and Level Annotations

Branches:
Dungeon (8/15)             Temple (1/1) D:6
   Lair: D:8-11

Altars:
Ashenzari
Cheibriados
Dithmenos
Elyvilon
Fedhas
Gozag
Hepliaklqana
Kikubaaqudgha
Makhleb
Nemelex Xobeh
Okawaru
Sif Muna
Trog
Uskayaw
Wu Jian
Xom
Yredelemnul
Zin
Beogh

Shops:
D:8 [

Annotations:
D:3 2 transporters, kelmiir's ghost, weakling GnTm


Innate Abilities, Weirdness & Mutations

You have a pair of horns on your head.
You reflexively headbutt those who attack you in melee.


Message History

The wyvern completely misses you. You furiously retaliate!
You headbutt the wyvern! The wyvern bites you.
* * * LOW HITPOINT WARNING * * *
It was a potion of curing.
You feel better. The wyvern bites you.
* * * LOW HITPOINT WARNING * * *
You block the wyvern's attack.
The wyvern bites you but does no damage.
The wyvern bites you.
* * * LOW HITPOINT WARNING * * *
The wyvern barely misses you. You furiously retaliate!
You headbutt the wyvern.
You see here a komodo dragon corpse.
You block the wyvern's attack. The wyvern bites you!
* * * LOW HITPOINT WARNING * * *
The wyvern bites you but does no damage.
It was a potion of attraction.
You feel attractive to monsters. The wyvern completely misses you.
It was a potion of haste.
You feel yourself speed up.
The wyvern bites you but does no damage.
The wyvern barely misses you. You furiously retaliate!
You headbutt the wyvern!
You kill the wyvern!
The steam dragon is attracted toward you.
The orc warrior is attracted toward you.
Your Fighting skill increases to level 4!
You feel as though your hastened speed will last longer.
You feel better.
You are ready to recite again.
The steam dragon bites you but does no damage.
The steam dragon claws you.
* * * LOW HITPOINT WARNING * * *
The orc warrior barely misses you.
The steam dragon is attracted toward you.
The orc warrior is attracted toward you.
The steam dragon is attracted toward you.
The orc warrior is attracted toward you.
The steam dragon breathes steam at you. The ball of steam hits you!
You die...

#######.##
#..# ##.# ###
#.## ##..
#..# ##...
##.##
####..## #..#
#....###
##.##
#....### #.@#
#.##..## ##§#
##.###... #D#
#..# ##..
#o########.##
###
#§.........#
##§#########
#.# #§# #§#


You could see a steam dragon (catching breath) and an orc warrior.

Vanquished Creatures
  A komodo dragon (D:8)
  A wyvern (D:8)
  A steam dragon (D:8)
  Edmund (D:4)
  A water moccasin (D:6)
  3 necrophages
  2 ogres (D:7)
  3 phantoms
  A centaur (D:5)
  2 bullfrogs
  2 scorpions
  3 water moccasin skeletons
  A howler monkey (D:6)
  A wight (D:6)
  A vampire bat (D:5)
  2 centaur zombies
  4 hounds
  A centaur skeleton (D:5)
  2 orc priests (D:8)
  Crazy Yiuf (D:4)
  2 gnoll shamans (D:7)
  4 jellies
  2 iguanas
  4 orc wizards
  2 killer bee zombies (D:5)
  A hound skeleton (D:4)
  Robin (D:3)
  8 gnolls (D:7)
  7 adders
  3 shadow imps (D:6)
  5 worms
  3 dart slugs
  35 orcs
  8 bats
  10 endoplasms
  5 giant cockroaches
  12 goblins
  9 hobgoblins
  3 jackals (D:1)
  6 quokkas
  5 ball pythons
  3 frilled lizards
  7 kobolds
  2 rats (D:1)
181 creatures vanquished.

Vanquished Creatures (others)
  2 plants (D:2)
2 creatures vanquished.

Grand Total: 183 creatures vanquished

Notes
Turn   | Place    | Note
-------+----------+-------------------------------------------
     0 | D:1      | Grim the Minotaur Fighter began the quest for the Orb.
     0 | D:1      | Reached XP level 1. HP: 19/19 MP: 0/0
    86 | D:1      | Reached skill level 3 in Polearms
   127 | D:1      | Reached XP level 2. HP: 26/26 MP: 1/1
   385 | D:1      | Reached skill level 4 in Polearms
   505 | D:1      | Reached XP level 3. HP: 28/31 MP: 2/2
   985 | D:2      | Reached skill level 5 in Polearms
  1033 | D:2      | Found a faded altar of an unknown god.
  1183 | D:2      | You fall into a shaft and drop 1 floor!
  1201 | D:3      | Reached XP level 4. HP: 39/39 MP: 3/3
  1244 | D:3      | Found a transporter.
  1245 | D:3      | Noticed kelmiir's ghost (weakling GnTm)
  1252 | D:3      | Found a transporter.
  1254 | D:3      | Identified the +5 dire flail of Cheese {speed, rPois Will+
                  | Dex+3}
  1254 | D:3      | Noticed an ogre
  2010 | D:4      | Noticed Robin
  2024 | D:3      | Reached skill level 6 in Polearms
  2082 | D:3      | Killed Robin
  2086 | D:3      | Reached XP level 5. HP: 43/45 MP: 4/4
  2147 | D:4      | Noticed Edmund
  2154 | D:4      | Killed Edmund
  2155 | D:4      | Reached skill level 7 in Polearms
  2156 | D:4      | Reached XP level 6. HP: 26/51 MP: 5/5
  2324 | D:4      | Reached skill level 8 in Polearms
  2474 | D:4      | Found a runed translucent door.
  2475 | D:4      | Noticed Crazy Yiuf
  2840 | D:4      | Reached skill level 9 in Polearms
  2840 | D:4      | Reached XP level 7. HP: 57/57 MP: 6/6
  3196 | D:4      | Killed Crazy Yiuf
  3319 | D:5      | Entered Level 5 of the Dungeon
  3552 | D:5      | Reached skill level 10 in Polearms
  3707 | D:5      | Reached skill level 11 in Polearms
  4052 | D:5      | Reached skill level 1 in Invocations
  4052 | D:5      | Reached XP level 8. HP: 64/64 MP: 7/7
  4366 | D:6      | Found a staircase to the Ecumenical Temple.
  4409 | Temple   | Entered the Ecumenical Temple
  4562 | Temple   | Became a worshipper of Zin the Law-Giver
  4562 | Temple   | Reached * piety under Zin
  4695 | D:6      | Reached skill level 12 in Polearms
  5106 | D:6      | Reached ** piety under Zin
  5436 | D:6      | Reached skill level 13 in Polearms
  5570 | D:7      | Reached XP level 9. HP: 62/70 MP: 11/11
  6824 | D:8      | Reached *** piety under Zin
  6886 | D:8      | Found Erlang Shen's Dragon-Slaying Spoils.
  6936 | D:8      | Noticed a komodo dragon
  6942 | D:8      | Reached skill level 5 in Invocations
  6956 | D:8      | Killed a komodo dragon
  6957 | D:8      | Reached skill level 14 in Polearms
  7114 | D:8      | HP: 1/71 [wyvern (9)]
  7127 | D:8      | Killed from afar by a steam dragon

Illustrated notes

Levels and vault maps discovered:
D:1:      matt_arrival_grand_opening, layout_loops_ring
D:2:      layout_rooms, shapermc_ecumenical_altar_gd
D:3:      layout_basic, gammafunk_ghost_smash, guppyfry_early_lair_pool
D:4:      nicolae_cairo_tiling_very_big, layout_cave_pods, nicolae_wormholes,
          uniq_crazy_yiuf_cottage, uniq_robin, uniq_edmund
D:5:      layout_loops_ring, kennysheep_another_room, roderic_batcave,
          amcnicky_mini_pool_small
D:6:      layout_basic, minmay_temple_entry_enclosed_plants,
          minmay_fractal_squares_5
D:7:      layout_loops_ring
D:8:      layout_basic, erik_lair_dragon, special_room [special_room_orc],
          nicolae_shop_dragon_depot
Temple:   regret_index_temple_mists

Skill      XL: |  1  2  3  4  5  6  7  8  9 |
---------------+----------------------------+-----
Polearms       | 3 4 5 6 7 9 11 13 14 | 14.0
Invocations    | 1 4 5 |  5.9
Fighting       | 4 |  4.4
Armour         | |  3.6
Shields        | |  3.6

Action                   |  1- 3 |  4- 6 |  7- 9 || total
-------------------------+-------+-------+-------++-------
Melee: Trident           |    90 |   141 |   176 ||   407
       Headbutt          |     7 |    24 |    58 ||    89
       Spear             |       |       |   209 ||   209
Throw: Boomerang         |       |     5 |     1 ||     6
Invok: Recite            |       |       |     1 ||     1
  Use: Potion            |       |     1 |     6 ||     7
Armor: Scale mail        |    24 |    23 |       ||    47
       Chain mail        |       |    15 |   103 ||   118
Dodge: Dodged            |    23 |    32 |    62 ||   117
Block: Buckler           |    11 |    27 |   102 ||   140
       Reflection        |       |       |     4 ||     4

Table legend: (Time is in decaauts)
 A = Elapsed time spent in this place.
 B = Non-inter-level travel time spent in this place.
 C = Inter-level travel time spent in this place.
 D = Time resting spent in this place.
 E = Time spent auto-exploring this place.
 F = Levels seen in this place.
 G = Mean time per level.
                   A        B        C        D        E       F      G
               +--------+--------+--------+--------+--------+-----+--------+
         Total |   7065 |   6840 |    225 |    519 |   5223 |   9 |  785.0 |
       Dungeon |   6850 |   6636 |    214 |    519 |   5073 |   8 |  856.2 |
        Temple |    215 |    204 |     11 |      0 |    149 |   1 |  215.0 |
               +--------+--------+--------+--------+--------+-----+--------+

Top non-repeatable levels by time:
     D:4: 1228 daAuts
     D:6: 1105 daAuts
     D:7: 881 daAuts
     D:5: 835 daAuts
     D:1: 776 daAuts
     D:3: 740 daAuts
     D:8: 689 daAuts
     D:2: 593 daAuts
  Temple: 215 daAuts
